 Dungeon Crawl Stone Soup version 0.23-a0-299-g9a66eeb (webtiles) character file.

58980 tsouns the Black Belt (level 14, -5/126 HPs)
             Began as a Naga Monk on Oct 6, 2018.
             Was a High Priest of Cheibriados.
             Slain by a sun demon (21 damage)
             ... summoned by an orc sorcerer
             ... while paralysed by an orc sorcerer
             ... on level 2 of the Orcish Mines.
             The game lasted 01:14:22 (19051 turns).

tsouns the Black Belt (Naga Monk)                  Turns: 19051, Time: 01:14:22

Health: -5/126     AC: 13    Str: 23    XL:     14   Next: 93%
Magic:  22/22      EV:  1    Int: 26    God:    Cheibriados [*****.]
Gold:   979        SH:  0    Dex: 25    Spells: 16/23 levels left

rFire    + + +     SeeInvis +     - Unarmed
rCold    + . .     Gourm    .   n - +2 shield
rNeg     . . .     Faith    .   F - +1 troll leather armour {Snorg}
rPois    +         Spirit   .   A - +2 helmet
rElec    .         Reflect  +   x - scarf {repulsion}
rCorr    +         Harm     .   G - +0 pair of gloves of Ferin {rF+++ rC+ rCorr Str-2}
MR       +....                  (no barding)
Stlth    ++........             O - +3 amulet of reflection
HPRegen  0.71/turn              o - ring of wizardry
MPRegen  0.18/turn              U - ring of attention

@: paralysed, repel missiles, very slow
A: large, see invisible, deformed body, poison resistance, slowness 2, slow
metabolism 1, spit poison 1, constrict 1, AC +4
a: Spit Poison, Bend Time, Temporal Distortion, Slouch, Step From Time, Renounce
Religion


You were on level 2 of the Orcish Mines.
You worshipped Cheibriados.
Cheibriados was extremely pleased with you.
You were not hungry.

You visited 3 branches of the dungeon, and saw 20 of its levels.

You collected 2051 gold pieces.
You spent 1072 gold pieces at shops.

Inventory:

Hand Weapons
 S - a -1 blowgun
Missiles
 c - 363 stones (quivered)
 v - 13 tomahawks of returning
 y - 5 throwing nets
 R - 9 javelins
 T - 8 curare-tipped needles
Armour
 d - a +1 cloak
 n - a +2 shield (worn)
 s - a +0 crystal plate armour
 x - a scarf of repulsion (worn)
 A - a +2 helmet (worn)
 F - a +1 troll leather armour (worn) {Snorg}
 G - the +0 pair of gloves of Ferin (worn) {rF+++ rC+ rCorr Str-2}
   (You bought it in a shop on level 9 of the Dungeon)

   It affects your strength (-2).
   It renders you almost immune to fire.
   It protects you from cold.
   It provides partial protection from all sources of acid and corrosion.
Jewellery
 o - a ring of wizardry (left hand)
 B - a +2 ring of protection
 D - an uncursed amulet of the acrobat
 I - an uncursed ring of protection from cold
 O - a +3 amulet of reflection (around neck)
 U - a ring of attention (right hand)
Wands
 l - a wand of digging (34)
 m - a wand of polymorph (25)
 w - a wand of scattershot (4)
 C - a wand of acid (6)
 K - a wand of paralysis (32)
Scrolls
 e - 4 scrolls of fog
 g - a scroll of blinking
 i - a scroll of silence
 j - 2 scrolls of enchant weapon
 k - 2 scrolls of identify
 u - 9 scrolls of remove curse
 z - 2 scrolls of immolation
 H - 3 scrolls of teleportation
 L - 3 scrolls of enchant armour
Potions
 a - 3 potions of agility
 f - 4 potions of might
 h - 8 potions of flight
 p - 16 potions of curing
 q - 3 potions of lignification
 t - 2 potions of mutation
 E - 2 potions of brilliance
 J - a potion of magic
 M - 3 potions of heal wounds
 P - 5 potions of cancellation
Miscellaneous
 r - a sack of spiders
 N - a lightning rod (3/4)
 Q - a phantom mirror
Comestibles
 b - 29 rations
 V - 5 chunks of flesh


   Skills:
 + Level 8.2 Fighting
 + Level 5.8 Armour
 + Level 4.2 Dodging
 - Level 5.3 Stealth
 + Level 9.3 Shields
 + Level 16.1 Unarmed Combat
 + Level 5.3 Spellcasting
 + Level 4.4 Transmutations
 - Level 10.3 Invocations


You had 16 spell levels left.
You knew the following spells:

 Your Spells              Type           Power        Failure   Level  Hunger
a - Confusing Touch       Hex            #.....       3%          1    None
b - Animate Skeleton      Necr           N/A          3%          1    None
c - Blade Hands           Tmut           ####......   16%         5    #####..

Your spell library contained the following spells:

 Spells                   Type           Power        Failure   Level  Hunger
 Beastly Appendage        Tmut           ####..       1%          1    None
 Sticks to Snakes         Tmut           ####....     1%          2    None
 Corona                   Hex            #......      3%          1    None
 Freeze                   Ice            #...         3%          1    None
 Pain                     Necr           #...         3%          1    None
 Slow                     Hex            #.......     4%          2    None
 Throw Frost              Conj/Ice       #.....       4%          2    None
 Spider Form              Tmut/Pois      ###.......   4%          3    #......
 Confuse                  Hex            #.......     10%         3    #......
 Gell's Gravitas          Tloc           #.........   10%         3    #......
 Inner Flame              Hex/Fire       #.......     10%         3    #......
 Ozocubu's Armour         Chrm/Ice       #.......     10%         3    #......
 Portal Projectile        Hex/Tloc       #.....       10%         3    #......
 Regeneration             Chrm/Necr      #.........   10%         3    #......
 Vampiric Draining        Necr           #.........   10%         3    #......
 Ice Form                 Ice/Tmut       ###.....     13%         4    ###....
 Petrify                  Tmut/Erth      ###.....     13%         4    ###....
 Animate Dead             Necr           N/A          32%         4    ###....
 Cause Fear               Hex            #.........   32%         4    ###....
 Leda's Liquefaction      Hex/Erth       #.........   32%         4    ###....
 Summon Ice Beast         Ice/Summ       #.......     32%         4    ###....
 Throw Icicle             Conj/Ice       #.......     32%         4    ###....
 Yara's Violent Unravell  Hex/Tmut       ###.......   34%         5    #####..
 Metabolic Englaciation   Hex/Ice        #.........   63%         5    #####..


Dungeon Overview and Level Annotations

Branches:
Dungeon (12/15)            Temple (0/1) D:7            Lair (6/6) D:9
 Shoals (0/4) Lair:3        Snake (0/4) Lair:3        Slime (0/5) Lair:6
    Orc (2/2) D:12            Elf (0/3) Orc:2

Altars:
Ashenzari
Cheibriados
Dithmenos
Gozag
Nemelex Xobeh
Okawaru
Qazlal
Sif Muna
The Shining One
Beogh
Jiyva

Shops:
D:4 :   D:9 ![   D:10 :   D:12 !   Orc:1 =   Orc:2 [(:

Annotations:
D:5 2 transporters, Karim's ghost, novice GnWn
D:9 1 runed door, tof's ghost, novice MiBe


Innate Abilities, Weirdness & Mutations

You cannot wear boots.
Your serpentine skin is tough. (AC +4)
You have supernaturally acute eyesight. (SInv)
Armour fits poorly on your strangely shaped body.
Your system is resistant to poisons. (rPois)
You cover ground very slowly.
You have a slow metabolism.
You can spit poison.
You can use your snake-like lower body to constrict enemies.


Message History

The orc sorcerer hits you with a dagger.
The orc hits you but does no damage. The sun demon hits you.
You are engulfed in flames.
You resist. The orc sorcerer casts a spell at you. The bolt of fire hits you!
You resist. The sun demon hits you!
You are engulfed in flames.
You resist. The orc hits you but does no damage.
The orc sorcerer hits you but does no damage.
The sun demon hits you!!
* * * LOW HITPOINT WARNING * * *
You are engulfed in flames.
You resist.
* * * LOW HITPOINT WARNING * * *
The orc hits you but does no damage.
The orc sorcerer hits you but does no damage.
The sun demon hits you!
* * * LOW HITPOINT WARNING * * *
You are engulfed in flames.
You resist.
* * * LOW HITPOINT WARNING * * *
The sun demon hits you!!
You die...

#..###.))).###.......)....#
#.## #8...8# ##...........+
#.# ##.).#####...........#
#.# #.))#)..#...........#
#.# +.))')..#...........#
#.# #)).#...#...........#
#.#####.8)#####...........#
#.#...#)..#3..#.#.........#
#.#...)).)@o..#............
#.#...#..)#o..#............
#.#####...#####..........##
#..# #8...8# #..#.......##
##.##∩.....∩##.##.#.##.#.##
#..###._.###..#...###....#
###...#####....##..##....##
##.##...........##...##..#.#
#...##..........#...###.....


You could see a sun demon, an orc sorcerer and an orc.

Vanquished Creatures
  An orc warlord (Orc:2)
  A dire elephant (Lair:6)
  Snorg (Lair:3)
  Josephine (D:11)
  Fannar (Lair:3)
  3 hydras
  Harold (D:10)
  Erolcha (D:11)
  2 catoblepae
  A deep troll shaman (Lair:6)
  A two-headed ogre (Orc:2)
  Urug (D:12)
  5 death yaks (Lair:6)
  Nergalle (D:11)
  Sonja (Lair:5)
  3 oklob plants
  An orc sorcerer (Orc:2)
  An orc knight (Orc:2)
  4 cyclopes
  An ugly thing (D:11)
  2 deep elf magi
  7 elephants
  9 spiny frogs
  5 black mambas
  2 rime drakes
  8 komodo dragons
  5 trolls
  Grinder (D:6)
  15 blink frogs
  6 hippogriffs
  A meliai zombie (D:12)
  A shadow (D:11)
  2 wyverns
  A spriggan (D:7)
  43 yaks
  6 wraiths
  A basilisk (Lair:5)
  5 wargs
  24 water moccasins
  14 porcupines
  An eye of draining (D:9)
  33 orc warriors
  6 black bears
  2 sky beasts (D:9)
  4 necrophages
  2 ice beasts
  11 ogres
  2 phantoms
  14 wolves
  11 centaurs
  14 crocodiles
  5 bullfrogs
  A wyvern zombie (D:11)
  2 scorpions
  A water moccasin skeleton (D:5)
  6 killer bees
  4 wights (D:10)
  2 howler monkeys
  6 crimson imps
  3 jellies
  A quasit (D:8)
  2 centaur skeletons
  A bullfrog zombie (D:7)
  6 hounds
  2 centaur zombies
  18 orc priests
  3 bullfrog skeletons
  4 iguanas
  30 orc wizards
  11 worker ants
  A killer bee zombie (D:8)
  A hound skeleton (D:5)
  A worker ant zombie (D:10)
  3 gnolls (D:5)
  18 adders
  4 shadow imps
  2 oozes
  6 worms
  2 dart slugs (D:1)
  6 leopard geckos
  94 orcs
  2 ball pythons
  3 giant cockroaches
  11 goblins
  6 hobgoblins
  12 jackals
  10 quokkas
  7 bats
  8 frilled lizards
  5 kobolds
  A leopard gecko skeleton (D:6)
  10 rats
  2 plants
613 creatures vanquished.

Vanquished Creatures (others)
  An orc wizard (D:6)
  4 fungi
  13 plants
18 creatures vanquished.

Grand Total: 631 creatures vanquished

Notes
Turn   | Place    | Note
-------+----------+-------------------------------------------
     0 | D:1      | tsouns the Naga Monk began the quest for the Orb.
     0 | D:1      | Reached XP level 1. HP: 21/21 MP: 1/1
   356 | D:1      | Reached XP level 2. HP: 14/28 MP: 2/2
   787 | D:1      | Reached XP level 3. HP: 18/34 MP: 3/3
  2230 | D:2      | Reached XP level 4. HP: 41/42 MP: 4/4
  2543 | D:2      | Reached skill level 4 in Unarmed Combat
  3224 | D:3      | Reached XP level 5. HP: 36/49 MP: 3/5
  3726 | D:4      | Reached skill level 5 in Stealth
  3932 | D:4      | Reached XP level 6. HP: 25/56 MP: 3/6
  4064 | D:4      | Found Lipixood's Book Shop.
  4083 | D:4      | Bought a book of Misfortune for 220 gold pieces
  4085 | D:4      | Learned a level 1 spell: Confusing Touch
  4272 | D:4      | Reached skill level 5 in Unarmed Combat
  4320 | D:5      | Entered Level 5 of the Dungeon
  4617 | D:5      | Reached XP level 7. HP: 43/63 MP: 5/7
  5130 | D:5      | Reached skill level 6 in Unarmed Combat
  5378 | D:5      | Reached skill level 1 in Shields
  5435 | D:5      | Noticed Karim's ghost (novice GnWn)
  5448 | D:5      | Found a transporter.
  5467 | D:5      | Found a transporter.
  5829 | D:6      | Reached skill level 1 in Spellcasting
  5921 | D:6      | Reached XP level 8. HP: 33/72 MP: 6/10
  5941 | D:6      | Noticed Grinder
  5948 | D:6      | Paralysed by Grinder for 4 turns
  5965 | D:6      | Killed Grinder
  5965 | D:6      | Reached skill level 7 in Unarmed Combat
  6993 | D:6      | Noticed a deep elf mage
  7006 | D:6      | Killed a deep elf mage
  7006 | D:6      | Reached skill level 5 in Fighting
  7006 | D:6      | Reached skill level 8 in Unarmed Combat
  7006 | D:6      | Reached XP level 9. HP: 81/81 MP: 11/13
  7014 | D:6      | Learned a level 1 spell: Animate Skeleton
  7208 | D:7      | Found a sparkling altar of Nemelex Xobeh.
  7360 | D:7      | Found a staircase to the Ecumenical Temple.
  7627 | D:7      | Reached skill level 9 in Unarmed Combat
  8120 | D:8      | Found a shadowy altar of Dithmenos.
  8120 | D:8      | Found a glowing golden altar of the Shining One.
  8120 | D:8      | Found a snail-covered altar of Cheibriados.
  8120 | D:8      | Found a deep blue altar of Sif Muna.
  8120 | D:8      | Found a stormy altar of Qazlal.
  8125 | D:8      | Became a worshipper of Cheibriados the Contemplative
  8125 | D:8      | Reached * piety under Cheibriados
  8125 | D:8      | Reached ** piety under Cheibriados
  8570 | D:8      | Noticed a troll
  8581 | D:8      | Killed a troll
  8685 | D:9      | Noticed a troll
  8719 | D:9      | Found Bungeirch's Antique Armour Shop.
  8724 | D:9      | Bought a pair of translucent gloves for 247 gold pieces
  8734 | D:9      | Identified the +0 pair of gloves of Ferin {rF+++ rC+ rCorr
                  | Str-2} (You bought it in a shop on level 9 of the Dungeon)
  8784 | D:9      | Reached XP level 10. HP: 92/92 MP: 14/14
  8798 | D:9      | Reached skill level 1 in Invocations
  8812 | D:9      | Found a shattered altar of Ashenzari.
  8848 | D:9      | Found Suoqyeg's Distillery.
  8851 | D:9      | Bought a potion of agility for 48 gold pieces
  8851 | D:9      | Bought a potion of curing for 36 gold pieces
  8874 | D:9      | Reached skill level 10 in Unarmed Combat
  8893 | D:9      | Found a staircase to the Lair.
  9004 | D:9      | Reached *** piety under Cheibriados
  9027 | D:9      | Found a runed door.
  9028 | D:9      | Noticed tof's ghost (novice MiBe)
  9107 | D:9      | Reached skill level 5 in Shields
  9563 | Lair:1   | Entered Level 1 of the Lair of Beasts
  9580 | Lair:1   | Reached skill level 11 in Unarmed Combat
  9687 | Lair:1   | Reached **** piety under Cheibriados
  9687 | Lair:1   | Reached XP level 11. HP: 53/99 MP: 15/15
  9801 | Lair:1   | Reached skill level 5 in Invocations
 10138 | Lair:1   | Reached skill level 12 in Unarmed Combat
 11109 | Lair:2   | Reached skill level 13 in Unarmed Combat
 11251 | Lair:2   | Reached XP level 12. HP: 90/106 MP: 17/17
 11452 | Lair:2   | Reached skill level 1 in Armour
 11597 | Lair:3   | Noticed a catoblepas
 11616 | Lair:3   | Killed a catoblepas
 11720 | Lair:3   | Noticed Snorg
 11774 | Lair:3   | Killed Snorg
 11891 | Lair:3   | Noticed Fannar
 11921 | Lair:3   | Killed Fannar
 12024 | Lair:3   | Reached ***** piety under Cheibriados
 12056 | Lair:3   | Found a staircase to the Snake Pit.
 12166 | Lair:3   | Reached skill level 14 in Unarmed Combat
 12274 | Lair:3   | Found a staircase to the Shoals.
 12792 | Lair:4   | Gained mutation: You can use your snake-like lower body to
                  | constrict enemies. [Naga growth]
 12792 | Lair:4   | Reached XP level 13. HP: 112/112 MP: 19/19
 13401 | Lair:5   | Noticed Sonja
 13409 | Lair:5   | Killed Sonja
 14133 | Lair:6   | Entered Level 6 of the Lair of Beasts
 14377 | Lair:6   | Reached skill level 15 in Unarmed Combat
 14580 | Lair:6   | Reached skill level 5 in Armour
 14656 | Lair:6   | Reached skill level 10 in Invocations
 14768 | Lair:6   | Noticed a dire elephant
 14777 | Lair:6   | Reached XP level 14. HP: 121/121 MP: 21/21
 14798 | Lair:6   | Killed a dire elephant
 15003 | Lair:6   | Found a staircase to the Slime Pits.
 15003 | Lair:6   | Found a viscous altar of Jiyva.
 15460 | D:10     | Entered Level 10 of the Dungeon
 15535 | D:10     | Found an iron altar of Okawaru.
 15587 | D:10     | Found Weufuoje's Book Emporium.
 15592 | D:10     | Bought a book of Changes for 325 gold pieces
 15598 | D:10     | Learned a level 5 spell: Blade Hands
 15843 | D:10     | Reached skill level 1 in Transmutations
 16099 | D:10     | Noticed Harold
 16109 | D:10     | Killed Harold
 16196 | D:10     | Found a deep blue altar of Sif Muna.
 16384 | D:11     | Noticed Nergalle
 16391 | D:11     | Killed Nergalle
 16415 | D:11     | Noticed Erolcha
 16429 | D:11     | Killed Erolcha
 16575 | D:11     | Found a shadowy altar of Dithmenos.
 16618 | D:11     | Noticed Josephine
 16627 | D:11     | Killed Josephine
 16994 | D:12     | Noticed Urug
 17003 | D:12     | Killed Urug
 17207 | D:12     | Found an opulent altar of Gozag.
 17316 | D:12     | Found a staircase to the Orcish Mines.
 17337 | D:12     | Found a roughly hewn altar of Beogh.
 17529 | D:12     | Found Guece Deg's Distillery.
 17552 | D:12     | Bought a potion of curing for 42 gold pieces
 17552 | D:12     | Bought 2 potions of curing for 84 gold pieces
 17552 | D:12     | Bought a potion of heal wounds for 70 gold pieces
 17845 | Orc:1    | Entered Level 1 of the Orcish Mines
 18036 | Orc:1    | Reached skill level 16 in Unarmed Combat
 18045 | Orc:1    | You fall through a shaft!
 18045 | Orc:2    | Entered Level 2 of the Orcish Mines
 18126 | Orc:2    | Found a staircase to the Elven Halls.
 18278 | Orc:2    | Reached skill level 5 in Spellcasting
 18295 | Orc:1    | Found Guaceq's Jewellery Shop.
 18331 | Orc:1    | Reached ****** piety under Cheibriados
 18527 | Orc:2    | Found a roughly hewn altar of Beogh.
 18537 | Orc:2    | Found Iwodoc's Book Shop.
 18656 | Orc:2    | Found a roughly hewn altar of Beogh.
 18675 | Orc:2    | Found a roughly hewn altar of Beogh.
 18857 | Orc:2    | Found a roughly hewn altar of Beogh.
 18895 | Orc:2    | Noticed an orc warlord
 18911 | Orc:2    | Killed an orc warlord
 19029 | Orc:2    | Found Lauffov's Antique Armour Emporium.
 19031 | Orc:2    | Found Uskiquol's Antique Weapon Shoppe.
 19032 | Orc:2    | Found a roughly hewn altar of Beogh.
 19046 | Orc:2    | Paralysed by an orc sorcerer for 5 turns
 19051 | Orc:2    | Slain by a sun demon

Vault maps used:
D:1:      shiori_arrival_maze, minmay_splitting_lines, chequers_big_river,
          hangedman_abyss_or_decor_stabs, supply_closet_lemuel, minmay_domino_2
D:2:      minmay_wonky_spiral
D:3:      wad_rectangle_vault
D:4:      serial_shops, shop
D:5:      first_ration, gammafunk_ghost_stat_death
D:6:      guppyfry_early_elven_hall, uniq_grinder
D:7:      nemelex_xobeh_ov_fountains_minmay,
          minmay_temple_entry_statues_pillars, the_bakery
D:8:      grunt_temple_overflow_open
D:9:      david_lair_shrubbed, serial_shops, shop, nicolae_shop_trees,
          ebering_ghost_funeral_grove, hangedman_abyss_or_decor_stagger,
          kennysheep_nondescript, nicolae_ashenzari_panopticon
D:10:     serial_shops, kennysheep_little_box, basic_altar,
          minmay_misc_feat_alley, tgw_sif, uniq_harold
D:11:     nicolae_dithmenos_shadow_blocks, uniq_josephine, uniq_nergalle,
          uniq_erolcha
D:12:     minmay_orc_entry_temple_small, serial_shops, shop_fountains,
          david_defended_altar_elf, uniq_urug
Lair:1:   serial_bayou_pond_c
Lair:2:   serial_bayou_pond_b, st_stairs_9, roderic_carrion_pond
Lair:3:   minmay_shoals_entry_centaurs, minmay_snake_entry_six_corridors,
          st_stairs_9, minmay_lair_oklob_chamber, lemuel_fruit_fields,
          uniq_snorg, uniq_fannar
Lair:4:   grunt_megastairs_3
Lair:5:   uniq_sonja
Lair:6:   grunt_lair_end_beastmaster, slime_altar_1, lab_entry_generic,
          infiniplex_staircase_pool
Orc:1:    serial_shops, shop, mines3_lemuel
Orc:2:    grunt_orc_community_town_hall, grunt_orc_community_big_house_2,
          grunt_orc_community_big_house_2, grunt_orc_community_house_2,
          grunt_orc_community_house_3, grunt_orc_community_house_2,
          grunt_orc_community_house_3

Skill      XL: |  1  2  3  4  5  6  7  8  9 10 11 12 13 14 |
---------------+-------------------------------------------+-----
Dodging        | 3 4 |  4.2
Stealth        | 4 5 |  5.3
Unarmed Combat | 4 5 6 8 9 11 13 14 15 16 | 16.1
Shields        | 1 3 4 5 7 8 9 |  9.3
Fighting       | 4 5 6 8 |  8.2
Spellcasting   | 1 3 5 |  5.3
Invocations    | 4 7 8 10 | 10.3
Armour         | 3 5 |  5.8
Transmutations | 4 |  4.4

Action                   |  1- 3 |  4- 6 |  7- 9 | 10-12 | 13-15 || total
-------------------------+-------+-------+-------+-------+-------++-------
Melee: Unarmed           |   161 |   303 |   522 |   759 |   647 ||  2392
       Punch             |     4 |       |       |       |       ||     4
       Constrict         |       |       |       |       |   132 ||   132
Throw: Stone             |       |       |    12 |    35 |    73 ||   120
 Cast: Confusing Touch   |       |       |     1 |     4 |       ||     5
Invok: Slouch            |       |       |       |     5 |    15 ||    20
Evoke: Wand              |       |       |     5 |    10 |    18 ||    33
       Lightning rod     |       |       |       |       |     4 ||     4
  Use: Scroll            |       |     7 |    10 |     5 |     3 ||    25
       Potion            |       |       |     2 |     2 |       ||     4
 Stab: Sleeping          |    10 |    10 |     3 |     8 |    22 ||    53
       Confused          |       |       |     5 |     1 |       ||     6
       Distracted        |       |       |       |     2 |     2 ||     4
  Eat: Ration            |     1 |       |       |     2 |     2 ||     5
       Chunk             |       |     7 |    11 |     6 |     8 ||    32
Armor: Robe              |    31 |    48 |       |       |       ||    79
       Ring mail         |       |       |   146 |    13 |       ||   159
       Troll leather arm |       |       |       |   114 |   127 ||   241
       Skin              |       |       |       |     5 |       ||     5
Dodge: Dodged            |    85 |   151 |   185 |   236 |   254 ||   911
       Deflected         |       |       |     4 |     4 |     8 ||    16
Block: Buckler           |       |    27 |    22 |       |       ||    49
       Shield            |       |       |   152 |   434 |   464 ||  1050
       Reflection        |       |       |       |       |     8 ||     8

Table legend:
 A = Non-vault XP
 B = Vault XP
 C = Vault XP percentage of total XP
 D = Non-vault monster count
 E = Vault monster count
 F = Vault count percentage of total count
                 A         B        C        D         E       F
            +---------+---------+-------+---------+---------+-------
      Total |   52899 |   31359 |  37.2 |     469 |     142 |  23.2
            +---------+---------+-------+---------+---------+-------
        D:1 |      39 |      11 |  22.0 |      22 |       4 |  15.4
        D:2 |      85 |       6 |   6.6 |      20 |       3 |  13.0
        D:3 |      43 |      21 |  32.8 |      12 |       6 |  33.3
        D:4 |     211 |       0 |   0.0 |      17 |       0 |   0.0
        D:5 |     570 |       0 |   0.0 |      25 |       0 |   0.0
        D:6 |     715 |     825 |  53.6 |      19 |       2 |   9.5
        D:7 |    1088 |     215 |  16.5 |      30 |       1 |   3.2
        D:8 |     757 |       0 |   0.0 |       8 |       0 |   0.0
        D:9 |    2737 |     338 |  11.0 |      40 |       1 |   2.4
       D:10 |    2422 |     996 |  29.1 |      26 |       2 |   7.1
       D:11 |    3921 |    3884 |  49.8 |      32 |       8 |  20.0
       D:12 |    1951 |    1125 |  36.6 |      15 |       9 |  37.5
     Lair:1 |    4429 |       0 |   0.0 |      21 |       0 |   0.0
     Lair:2 |    5548 |    1810 |  24.6 |      29 |       8 |  21.6
     Lair:3 |    6140 |    5624 |  47.8 |      26 |      23 |  46.9
     Lair:4 |    2796 |     462 |  14.2 |      11 |       2 |  15.4
     Lair:5 |    3582 |     788 |  18.0 |      16 |       1 |   5.9
     Lair:6 |    8925 |    9545 |  51.7 |      26 |      17 |  39.5
      Orc:1 |    2183 |     572 |  20.8 |      31 |       1 |   3.1
      Orc:2 |    4757 |    5137 |  51.9 |      43 |      54 |  55.7
            +---------+---------+-------+---------+---------+-------
